 Dungeon Sprint DCSS version 0.26-a0-660-gc07710193c (webtiles) character file.

Game seed: 17900859278840788667

48 sahdkjhfkaj the Insei (level 3, -3/34 HPs)
             Began as an Octopode Transmuter on Oct 7, 2020.
             Was an Initiate of Gozag.
             Slain by a two-headed ogre
             ... wielding a +0 giant club
              (29 damage)
             ... in the Dungeon (Sprint IX: "|||||||||||||||||||||||||||||").
             The game lasted 00:00:37 (479 turns).

sahdkjhfkaj the Insei (Octopode Transmuter)          Turns: 479, Time: 00:00:39

Health: -3/34      AC:  1    Str: 10    XL:     3   Next: 72%
Magic:  4/6        EV: 14    Int: 15    God:    Gozag
Gold:   0          SH:  0    Dex: 18    Spells: 3/6 levels left

rFire    . . .     SeeInvis .     - Unarmed
rCold    . . .     Faith    .   (no shield)
rNeg     . . .     Spirit   .   (helmet restricted)
rPois    .         Reflect  .   (no amulet)
rElec    .         Harm     .   k - +3 ring of dexterity
rCorr    .         Rampage  .   l - +3 ring of dexterity
MR       .....     NoTele   +   (no ring)
Stlth    ..........             (no ring)
HPRegen  0.11/turn              (no ring)
MPRegen  0.10/turn              (no ring)
                                (no ring)
                                (no ring)

@: berserking, wereblooded, gold aura, very quick
A: almost no armour, stealthy swim, amphibious, 8 rings, constrict 8, camouflage
1, gelatinous body 1
a: Potion Petition, Call Merchant, Bribe Branch, Renounce Religion


You were in the Dungeon.
You worshipped Gozag.
Gozag was noncommittal.
You visited 1 branch

Inventory:

Jewellery
 k - a +3 ring of dexterity (left tentacle)
 l - a +3 ring of dexterity (right tentacle)
Wands
 j - a wand of acid (10)
Scrolls
 g - 2 scrolls of blinking
 h - 3 scrolls of remove curse
 i - 2 scrolls of amnesia
Potions
 a - a potion of invisibility
 b - 4 potions of curing
 c - a potion of heal wounds
 d - a potion of haste
 e - 4 potions of magic


   Skills:
 - Level 1.0 Fighting
 - Level 2.0 Dodging
 + Level 7.6 Unarmed Combat
 - Level 2.0 Spellcasting
 - Level 2.0 Transmutations


You had 3 spell levels left.
You knew the following spells:

 Your Spells              Type           Power        Failure   Level
a - Beastly Appendage     Tmut           #.....       10%         1
W - Wereblood             Tmut           #.......     14%         2

Your spell library contained the following spells:

 Spells                   Type           Power        Failure   Level
 Spider Form              Tmut/Pois      #.........   41%         3
 Ice Form                 Ice/Tmut       #.......     82%         4
 Blade Hands              Tmut           #.........   95%         5


Dungeon Overview and Level Annotations

Branches:
Dungeon (1/1)

Altars:
Cheibriados
Dithmenos
Elyvilon
Fedhas
Gozag
Hepliaklqana
Kikubaaqudgha
Makhleb
Nemelex Xobeh
Okawaru
Qazlal
Ru
Sif Muna
Trog
Uskayaw
Vehumet
Wu Jian
Xom
Yredelemnul
Zin
The Shining One
Beogh
Jiyva
Lugonu


Innate Abilities, Weirdness & Mutations

You cannot wear most types of armour.
You are very stealthy in the water. (Stealth+)
You are amphibious.
You can wear up to eight rings at the same time.
You can use your tentacles to constrict eight enemies at once.
Your skin changes colour to match your surroundings (Stealth+).
Your rubbery body absorbs attacks. (AC +1, EV +1)


Message History

The two-headed ogre becomes distracted by the nearby gold, dreaming of imaginary riches.
You bludgeon the two-headed ogre!
The two-headed ogre is no longer distracted by gold.
The two-headed ogre is moderately wounded.
You howl as the wereblood boils in your veins!
You bludgeon the two-headed ogre! You squeeze the two-headed ogre.
The two-headed ogre is heavily wounded.
The two-headed ogre misses you.
The two-headed ogre hits you with a +0 giant club!
The centaur becomes distracted by the nearby gold, dreaming of imaginary riches.
The centaur shouts!
You bludgeon the two-headed ogre!
The two-headed ogre is severely wounded.
You barely miss the two-headed ogre. You squeeze the two-headed ogre!
The two-headed ogre is almost dead.
You howl as the wereblood boils in your veins!
The two-headed ogre hits you with a +0 giant club!!
Ouch! That really hurt!
You die...
Your body crumbles into a pile of gold. $$$$$ $$$$$ $ $ $ $$$$$ $ $ ▓▓▓▓▓▓▓▓▓▓▓▓▓▓▓▓▓▓▓▓▓▓▓▓ ______'..).[[[..@OO5cr.+ ▓▓▓▓▓▓▓▓▓▓▓▓▓▓▓▓▓▓▓▓▓▓▓▓

You could see 2 two-headed ogres, a centaur, an ufetubus and a quokka.

Vanquished Creatures
  A worker ant (D)
  An adder (D)
  An adder skeleton (D)
  An adder zombie (D)
  An orc (D)
  3 hobgoblins (D)
  A frilled lizard (D)
  A goblin (D)
  A rat (D)
11 creatures vanquished.

Notes
Turn   | Place    | Note
-------+----------+-------------------------------------------
     0 | D        | sahdkjhfkaj the Octopode Transmuter began the quest for the
                  | Orb.
     0 | D        | Reached XP level 1. HP: 13/13 MP: 3/3
     8 | D        | Reached skill level 4 in Unarmed Combat
   168 | D        | Noticed a worker ant
   180 | D        | Reached skill level 5 in Unarmed Combat
   180 | D        | Reached XP level 2. HP: 8/18 MP: 3/5
   185 | D        | Reached skill level 7 in Unarmed Combat
   185 | D        | Reached XP level 3. HP: 17/23 MP: 4/6
   197 | D        | Found a roughly hewn altar of Beogh.
   197 | D        | Found a snail-covered altar of Cheibriados.
   197 | D        | Found a shadowy altar of Dithmenos.
   197 | D        | Found a white marble altar of Elyvilon.
   197 | D        | Found a blossoming altar of Fedhas.
   197 | D        | Found an opulent altar of Gozag.
   198 | D        | Found a hazy altar of Hepliaklqana.
   199 | D        | Found a viscous altar of Jiyva.
   200 | D        | Found an ancient bone altar of Kikubaaqudgha.
   201 | D        | Found a corrupted altar of Lugonu.
   202 | D        | Found a burning altar of Makhleb.
   203 | D        | Found a sparkling altar of Nemelex Xobeh.
   420 | D        | Found an iron altar of Okawaru.
   421 | D        | Became a worshipper of Gozag Ym Sagoz the Greedy
   422 | D        | Found a stormy altar of Qazlal.
   423 | D        | Found a sacrificial altar of Ru.
   424 | D        | Found a shimmering blue altar of Sif Muna.
   425 | D        | Found a bloodstained altar of Trog.
   426 | D        | Found a hide-covered altar of Uskayaw.
   427 | D        | Found a radiant altar of Vehumet.
   428 | D        | Found an ornate altar of the Wu Jian Council.
   429 | D        | Found a shimmering altar of Xom.
   430 | D        | Found a basalt altar of Yredelemnul.
   431 | D        | Found a glowing silver altar of Zin.
   432 | D        | Found a glowing golden altar of the Shining One.
   463 | D        | Learned a level 2 spell: Wereblood
   465 | D        | Noticed a two-headed ogre
   465 | D        | Noticed a centaur
   465 | D        | Noticed a two-headed ogre
   479 | D        | Slain by a two-headed ogre

Illustrated notes

Levels and vault maps discovered:
D:        linesprint [early_d, line_temple, items_1, d_10, items_2, lair_1,
          lair_end, items_3, orc_1, orc_end, items_4, d_15, swamp_1, shoals_1,
          snake_1, spider_1, d_20, vaults_1, items_5, swamp_end, shoals_end,
          snake_end, spider_end, vaults_end, d_27, items_6, zot_1, zot_end,
          crypt_end, forest_end, elf_end, slime_end, tomb_end, abyss_end,
          pan_hell_end]

Skill      XL: |  1  2 |
---------------+-------+-----
Unarmed Combat | 5 7 |  7.6
Fighting       | |  1.0
Dodging        | |  2.0
Spellcasting   | |  2.0
Transmutations | |  2.0

Action                   || total
-------------------------++-------
Melee: Unarmed           ||    39
       Constrict         ||     9
       Tentacles         ||     9
       Punch             ||     2
       Kick              ||     5
 Cast: Beastly Appendage ||     4
       Wereblood         ||     1
  Use: Potion            ||     4
 Stab: Sleeping          ||     1
Armor: Skin              ||     1
Dodge: Dodged            ||    19

Table legend: (Time is in decaauts)
 A = Elapsed time spent in this place.
 B = Non-inter-level travel time spent in this place.
 C = Inter-level travel time spent in this place.
 D = Time resting spent in this place.
 E = Time spent auto-exploring this place.
 F = Levels seen in this place.
 G = Mean time per level.
                   A        B        C        D        E       F      G
               +--------+--------+--------+--------+--------+-----+--------+
         Total |    473 |    473 |      0 |    216 |    153 |   1 |  473.0 |
       Dungeon |    473 |    473 |      0 |    216 |    153 |   1 |  473.0 |
               +--------+--------+--------+--------+--------+-----+--------+

Top non-repeatable levels by time:
       D: 473 daAuts
